 Dungeon Crawl Stone Soup version 0.30.0-5-g1a98f26d00 (webtiles) character file.

Game seed: 14490132935712234015

13199 greasedhog the Skirmisher (level 12, 0/89 HPs)
             Began as a Formicid Hunter on May 13, 2023.
             Was a Believer of Hepliaklqana.
             Killed by divine providence
             ... invoked by a balrug
              (12 damage)
             ... on level 12 of the Dungeon.
             The game lasted 00:21:52 (10711 turns).

greasedhog the Skirmisher (Formicid Hunter)        Turns: 10711, Time: 00:21:54

Health: 0/89       AC:  8    Str: 18    XL:     12   Next: 29%
Magic:  12/12      EV: 11    Int:  8    God:    Hepliaklqana [**....]
Gold:   595        SH: 15    Dex: 27    Spells: 11/11 levels left

rFire   . . .        a - +8 longbow "Zephyr" {speed, Dex+3 SInv}
rCold   + . .        g - +0 kite shield
rNeg    . . .        r - +2 leather armour of Boer {*Corrode rPois Dex+3 Stlth+}
rPois   +            (helmet unavailable)
rElec   .            u - +0 cloak
rCorr   .            q - +1 pair of gloves
SInv    +            (no boots)
Will    +....        (no amulet)
Stlth   +++          y - ring of flight
HPRegen 0.34/turn    G - ring of protection from cold
MPRegen 0.13/turn

%: corrode self (3%)
@: flying
A: reduced essence, permanent stasis, dig shafts and tunnels, antennae 3, four
strong arms
a: Dig, Shaft Self, Renounce Religion, Recall Ancestor, Ancestor Identity


You were on level 12 of the Dungeon.
You worshipped Hepliaklqana.
Hepliaklqana was pleased with you.
You visited 2 branches of the dungeon, and saw 13 of its levels.
You also visited: Gauntlet.

You collected 595 gold pieces.

Inventory:

Hand Weapons
 a - the +8 longbow "Zephyr" (weapon) {speed, Dex+3 SInv}
   (You acquired it on level 8 of the Dungeon)

   Dex:       It affects your dexterity (+3).
   SInv:      It lets you see invisible.
 Q - a +3 dagger of venom
Missiles
 B - a throwing net
Armour
 g - a +0 kite shield (worn)
 q - a +1 pair of gloves (worn)
 r - the +2 leather armour of Boer (worn) {*Corrode rPois Dex+3 Stlth+}
   (You found it on level 4 of the Dungeon)

   Dex:       It affects your dexterity (+3).
   rPois:     It protects you from poison.
   *Corrode:  It may corrode you when you take damage.
   Stlth:     It makes you more stealthy.
 u - a +0 cloak (worn)
Jewellery
 y - a ring of flight (left hand)
 G - a ring of protection from cold (right hand)
 K - a ring of protection from cold
 O - a ring of resist corrosion
 P - a ring of positive energy
Wands
 c - a wand of iceblast (7)
 f - a wand of polymorph (10)
 m - a wand of flame (14)
 v - a wand of digging (14)
 w - a wand of charming (12)
Scrolls
 b - 2 scrolls of immolation
 d - 2 scrolls of enchant weapon
 e - a scroll of vulnerability
 h - 3 scrolls of amnesia
 k - a scroll of fear
 o - 2 scrolls of enchant armour
 p - a scroll of brand weapon
 s - 4 scrolls of silence
 t - a scroll of identify
 x - 2 scrolls of fog
 D - 3 scrolls of magic mapping
 H - a scroll of poison
 I - a scroll of blinking {unknown}
 N - a scroll of torment {unknown}
Potions
 i - 2 potions of cancellation
 j - 5 potions of heal wounds
 l - a potion of haste {unknown}
 n - 2 potions of ambrosia {unknown}
 z - a potion of attraction {unknown}
 A - 6 potions of curing
 C - a potion of invisibility {unknown}
 E - a potion of magic {unknown}
 F - a potion of berserk rage {unknown}
 J - a potion of resistance {unknown}
 L - 3 potions of flight {unknown}


   Skills:
 - Level 10.7 Fighting
 * Level 14.0 Ranged Weapons
 + Level 1.7 Dodging
 - Level 1.2 Stealth
 - Level 12.2 Shields


You had 11 spell levels left.
You didn't know any spells.
Your spell library contained the following spells:

 Spells                   Type           Power      Damage    Failure   Level
 Beastly Appendage        Tmut           0%         N/A       67%         1
 Magic Dart               Conj           0%         1d3       67%         1
 Call Imp                 Summ           0%         N/A       82%         2
 Lesser Beckoning         Tloc           0%         N/A       82%         2
 Momentum Strike          Conj/Tloc      0%         3d8       82%         2
 Wereblood                Tmut           0%         N/A       82%         2
 Dazzling Flash           Conj/Hex       0%         N/A       96%         3
 Inner Flame              Hex/Fire       0%         N/A       96%         3
 Mephitic Cloud           Conj/Pois/Air  0%         N/A       96%         3
 Spider Form              Tmut/Pois      0%         N/A       96%         3
 Stone Arrow              Conj/Erth      0%         3d7       96%         3
 Volatile Blastmotes      Fire/Tloc      0%         2d10      96%         3
 Iskenderun's Mystic Bla  Conj/Tloc      0%         2d3       100%        4
 Summon Forest            Summ/Tloc      0%         N/A       100%        5
 Summon Mana Viper        Hex/Summ       0%         N/A       100%        5
 Yara's Violent Unravell  Hex/Tmut       0%         3d3       100%        5
 Eringya's Noxious Bog    Tmut/Pois      0%         N/A       100%        6
 Starburst                Conj/Fire      0%         6d3       100%        6
 Summon Cactus Giant      Summ           0%         N/A       100%        6
 Enfeeble                 Hex            0%         N/A       100%        7
 Summon Horrible Things   Summ           0%         N/A       100%        8
 Blink                    Tloc           Unusable   N/A       N/A         2

Dungeon Overview and Level Annotations

Branches:
Dungeon (12/15)            Temple (1/1) D:7            Lair (0/5) D:11
Gauntlet (visited)
    Orc: D:9-12

Altars:
Ashenzari
Cheibriados
Dithmenos
Elyvilon
Fedhas
Gozag
Hepliaklqana
Kikubaaqudgha
Makhleb
Nemelex Xobeh
Okawaru
Qazlal
Ru
Sif Muna
Trog
Uskayaw
Vehumet
Wu Jian
Xom
Yredelemnul
Zin
The Shining One


Innate Abilities, Weirdness & Mutations

Your life essence is reduced to manifest your ancestor. (-10% HP)
You cannot be hasted, slowed, berserked, paralysed or teleported.
You can dig through walls and to a lower floor.
You have a pair of large antennae on your head. (SInv)
Your four strong arms can wield two-handed weapons with a shield.


Message History

There is a stone staircase leading down here.
You fly downwards.
There is a stone staircase leading up here.
You swap places.
You swap places.
Found 3 stones.
Found a stone staircase leading down.
h - 3 scrolls of amnesia (gained 1)
There is a stone staircase leading down here.
Found 5 stones.
You reach down and open the door.
You sense a monster nearby.
There is an open door here.
You reach down and open the door.
There is an open door here.
You reach down and open the door.
Found 4 stones.
Found an escape hatch in the floor.
There is an open door here.
Found a runed translucent door.
Found a broad axe.
Found a deep dwarf corpse.
You see here 4 stones.
You reach down and open the door.
There is an open door here.
You swap places.
There is an open door here.
You reach down and open the door.
The balrug gestures at you. Something smites you!
You swap places.
Synnove hits the balrug with a +0 flail!
The balrug hits you with a +0 demon whip!
You are engulfed in flames!!
The balrug attacks as you move away!
The balrug hits you with a +0 demon whip!
You are engulfed in flames!!
* * * LOW HITPOINT WARNING * * *
The balrug gestures at you. Something smites you!
You die...

{ {{ ####......
##......###
.........# {
≈≈≈≈≈.#..## ####
#####≈.#...# {
#8.#####..8#≈.....#
#..'...+...#≈#..>..
#.(#####...#≈####..
#.@⌠#####..#≈≈##...
{
##...#...#..#8≈≈8.#.
#>8.R2.)∩#..'.....##
##...#..†#..#8≈≈8###
#..⌠#####..#≈≈.####
#..#####...#≈....##
#..'...'...#≈......
#8.#####..8#≈.###..
#### #####≈..##..


You could see the friendly Synnove the knight and a balrug (ally target).

Vanquished Creatures
  A minotaur (Gauntlet)
  A blizzard demon (Gauntlet)
  A ghost crab (Gauntlet)
  3 two-headed ogres
  Nergalle (D:11)
  Pikel (D:4)
  An ugly thing (D:11)
  Joseph (D:10)
  A komodo dragon (D:11)
  A kobold demonologist (D:11)
  Grinder (D:6)
  Prince Ribbit (D:5)
  Sigmund (D:3)
  A shadow (D:11)
  5 wyverns
  A wraith (D:10)
  12 yaks
  A steam dragon (D:8)
  3 acid dragons
  Duvessa (D:6)
  2 water moccasins
  2 orc warriors
  A sky beast (D:7)
  A black bear (D:6)
  3 ogres
  3 centaurs
  5 kobold brigands
  3 bullfrogs
  2 gnoll sergeants
  2 scorpions
  5 wights (D:9)
  Dowan (D:6)
  6 howler monkeys
  A gnoll bouda (D:7)
  4 jellies
  4 orc priests
  Crazy Yiuf (D:4)
  3 hounds
  An iron imp (D:9)
  Jessica (D:3)
  Ijyb (D:5)
  2 iguanas
  6 orc wizards
  13 gnolls
  10 adders
  2 white imps
  An ufetubus (D:5)
  4 worms
  A dart slug (D:5)
  34 orcs
  4 endoplasms
  9 giant cockroaches
  4 goblins
  11 hobgoblins
  4 quokkas
  6 ball pythons
  7 bats
  7 frilled lizards
  32 kobolds
  5 rats
253 creatures vanquished.

Vanquished Creatures (collateral kills)
  A yak (D:10)
1 creature vanquished.

Vanquished Creatures (others)
  A knight (Gauntlet)
1 creature vanquished.

Grand Total: 255 creatures vanquished

Notes
Turn   | Place    | Note
-------+----------+-------------------------------------------
     0 | D:1      | greasedhog the Formicid Hunter began the quest for the Orb.
     0 | D:1      | Reached XP level 1. HP: 16/16 MP: 1/1
    67 | D:1      | Reached XP level 2. HP: 22/23 MP: 2/2
   308 | D:1      | Reached XP level 3. HP: 28/28 MP: 3/3
  1007 | D:2      | Reached skill level 1 in Shields
  1202 | D:2      | Reached XP level 4. HP: 35/35 MP: 4/4
  1382 | D:2      | Reached skill level 5 in Ranged Weapons
  1630 | D:3      | Reached XP level 5. HP: 31/41 MP: 5/5
  1910 | D:3      | Noticed Jessica
  1910 | D:3      | Noticed Sigmund
  1917 | D:3      | Killed Sigmund
  1918 | D:3      | Reached skill level 6 in Ranged Weapons
  1918 | D:3      | Reached XP level 6. HP: 45/48 MP: 6/6
  1923 | D:3      | Killed Jessica
  2365 | D:4      | Identified the +2 leather armour of Boer {*Corrode rPois
                  | Dex+3 Stlth+}
  2388 | D:4      | Reached XP level 7. HP: 54/54 MP: 7/7
  2436 | D:4      | Noticed Pikel
  2455 | D:4      | Killed Pikel
  2456 | D:4      | Reached skill level 5 in Fighting
  2456 | D:4      | Reached skill level 7 in Ranged Weapons
  2456 | D:4      | Reached XP level 8. HP: 18/62 MP: 8/8
  2469 | D:4      | Reached skill level 5 in Shields
  2718 | D:4      | Got Sif Muna's Compilation of Composition
  2802 | D:4      | Found a runed translucent door.
  2803 | D:4      | Noticed Crazy Yiuf
  3190 | D:4      | Killed Crazy Yiuf
  3241 | D:5      | Entered Level 5 of the Dungeon
  3277 | D:5      | Reached skill level 8 in Ranged Weapons
  3288 | D:5      | Identified the +6 morningstar of War {speed, Str-2 Int+7
                  | Stlth+}
  3432 | D:5      | Noticed Ijyb
  3443 | D:5      | Killed Ijyb
  3503 | D:5      | Found a blossoming altar of Fedhas.
  3605 | D:5      | Noticed Prince Ribbit
  3614 | D:5      | You fall into a shaft and drop 3 floors!
  3791 | D:8      | Reached XP level 9. HP: 57/69 MP: 9/9
  4322 | D:8      | Reached skill level 9 in Ranged Weapons
  4394 | D:8      | Noticed a two-headed ogre
  4403 | D:8      | Killed a two-headed ogre
  4953 | D:7      | Reached skill level 10 in Ranged Weapons
  5065 | D:6      | Noticed Duvessa
  5065 | D:6      | Noticed Dowan
  5065 | D:6      | Noticed Grinder
  5102 | D:7      | Found a staircase to the Ecumenical Temple.
  5112 | Temple   | Entered the Ecumenical Temple
  5366 | D:6      | Killed Grinder
  5367 | D:6      | Reached XP level 10. HP: 73/79 MP: 10/10
  5375 | D:6      | Killed Duvessa
  5388 | D:6      | Killed Dowan
  6060 | D:5      | Found a hazy altar of Hepliaklqana.
  6148 | D:5      | Killed Prince Ribbit
  6219 | D:5      | Became a worshipper of Hepliaklqana the Forgotten
  6475 | D:6      | Found an iron altar of Okawaru.
  6502 | D:6      | Reached skill level 11 in Ranged Weapons
  6957 | D:7      | Found a glowing golden altar of the Shining One.
  7100 | D:7      | Found a stormy altar of Qazlal.
  7554 | D:8      | Identified the +9 morningstar of the Morning {freeze, rF+}
  7556 | D:8      | Identified a scroll of acquirement
  7558 | D:8      | Acquired the +8 longbow "Zephyr" {speed, Dex+3 SInv}
  7558 | D:8      | Found the +8 longbow "Zephyr" {speed, Dex+3 SInv}
  7788 | D:9      | Reached skill level 10 in Shields
  7788 | D:9      | Reached XP level 11. HP: 87/87 MP: 11/11
  8006 | D:9      | Reached skill level 12 in Ranged Weapons
  8084 | D:9      | Reached * piety under Hepliaklqana
  8321 | D:9      | Found a snail-covered altar of Cheibriados.
  8565 | D:10     | Entered Level 10 of the Dungeon
  8581 | D:10     | Noticed a two-headed ogre
  8588 | D:10     | Killed a two-headed ogre
  8801 | D:10     | Found a glowing silver altar of Zin.
  8938 | D:10     | Found a shimmering altar of Xom.
  9078 | D:10     | Found a broken altar of Ashenzari.
  9225 | D:10     | Noticed Joseph
  9232 | D:10     | Killed Joseph
  9233 | D:10     | Reached skill level 13 in Ranged Weapons
  9277 | D:10     | Found a sacrificial altar of Ru.
  9277 | D:10     | Found a hide-covered altar of Uskayaw.
  9303 | D:10     | Found an opulent altar of Gozag.
  9387 | D:11     | Reached ** piety under Hepliaklqana
  9391 | D:11     | Remembered your ancestor Synnove as a knight
  9431 | D:11     | Noticed a two-headed ogre
  9437 | D:11     | Killed a two-headed ogre
  9438 | D:11     | Reached skill level 10 in Fighting
  9438 | D:11     | Noticed Nergalle
  9457 | D:11     | Killed Nergalle
  9539 | D:11     | Found a gate leading to a gauntlet.
  9548 | Gauntlet | Entered a Gauntlet
  9548 | Gauntlet | Noticed a worldbinder
  9548 | Gauntlet | Noticed a ghost crab
  9548 | Gauntlet | Found a transporter.
  9548 | Gauntlet | Found a transporter.
  9549 | Gauntlet | Found a transporter.
  9549 | Gauntlet | Found a transporter.
  9552 | Gauntlet | Found a transporter.
  9568 | Gauntlet | Found a transporter.
  9573 | Gauntlet | Noticed a sixfirhy
  9574 | Gauntlet | Found a transporter.
  9575 | Gauntlet | Noticed a sixfirhy
  9586 | Gauntlet | Noticed a blizzard demon
  9595 | Gauntlet | Found a transporter.
  9596 | Gauntlet | Found a transporter.
  9654 | Gauntlet | Found a transporter.
  9664 | Gauntlet | Found a transporter.
  9689 | Gauntlet | Found a transporter.
  9773 | Gauntlet | Killed a ghost crab
  9774 | Gauntlet | Reached XP level 12. HP: 87/87 MP: 12/12
  9780 | Gauntlet | Identified the +0 cloak of Valour {Str+4 Slay-3}
  9783 | Gauntlet | Got Sif Muna's Secrets of Blows and the Congregation
  9896 | Gauntlet | Killed a blizzard demon
  9930 | Gauntlet | Found the +4 robe of Folly {Brill Will-∞ Int+8}
  9930 | Gauntlet | Noticed a minotaur
  9937 | Gauntlet | Killed a minotaur
 10070 | Gauntlet | Identified the ring "Dinub" {Wiz Str+2 Int+2}
 10073 | Gauntlet | Identified the +4 war axe of the King {flame, rElec rC+}
 10356 | D:11     | Reached skill level 14 in Ranged Weapons
 10417 | D:11     | Found a staircase to the Lair.
 10692 | D:12     | Found a runed translucent door.
 10694 | D:12     | Noticed a balrug
 10711 | D:12     | Killed from afar by a balrug

Illustrated notes

Levels and vault maps discovered:
D:1:      shiori_arrival_elements, layout_basic
D:2:      layout_loops_ring, lightli_corner_chamber
D:3:      layout_basic, uniq_jessica, uniq_sigmund
D:4:      layout_loops_ring, uniq_pikel, uniq_crazy_yiuf_cottage
D:5:      minmay_evil_eye, layout_rooms, fedhas_ov_isle_minmay,
          worldfamousw_hep_ancestral_shrine, uniq_prince_ribbit1, uniq_ijyb
D:6:      layout_basic, overflow_temple_1_default, uniq_duvessa, uniq_grinder
D:7:      layout_loops_cross, nicolae_qazlal_style_of_elements,
          mainiacjoe_overflow_paths, minmay_temple_entry_grid,
          grunt_decor_clamped
D:8:      layout_gridville, minmay_misc_feat_tiny
D:9:      layout_basic, slow_altar_2
D:10:     layout_roguey, pdpol_temple_overflow_zin_treasury_gozag_greed,
          mainiacjoe_overflow_brackets, dk_xom_monty_hall,
          gammafunk_temple_overflow_statue, uniq_joseph
D:11:     layout_cave_pools, david_lair_shrubbed, gauntlet_entry_generic,
          minivault_5, uniq_nergalle
D:12:     dreamdust_dug_too_deep, layout_layer_cave, zombieorc2_lemuel,
          serial_shops, nicolae_square_shop
Temple:   chequers_temple_sunken

Skill      XL: |  1  2  3  4  5  6  7  8  9 10 11 12 |
---------------+-------------------------------------+-----
Shields        | 1 3 4 6 8 10 11 12 | 12.2
Fighting       | 3 4 5 6 7 8 10 | 10.7
Ranged Weapons | 5 6 7 8 10 11 13 14 | 14.0
Dodging        | |  1.7
Stealth        | |  1.2

Action                     |  1- 3 |  4- 6 |  7- 9 | 10-12 || total
---------------------------+-------+-------+-------+-------++-------
   Fire: Shortbow          |    69 |   145 |   247 |   183 ||   644
         Longbow           |       |       |       |   209 ||   209
 Invoke: Ancestor Life: Kn |       |       |       |     1 ||     1
Ability: Dig               |       |     3 |       |     1 ||     4
         Shaft Self        |       |       |     1 |       ||     1
  Evoke: Wand              |       |       |     3 |       ||     3
    Use: Potion            |       |     1 |     1 |       ||     2
         Scroll            |       |     2 |     4 |    10 ||    16
 Armour: Leather armour    |     7 |    15 |    23 |    16 ||    61
  Dodge: Dodged            |     7 |    40 |    54 |    27 ||   128
  Block: Kite shield       |    10 |    51 |    75 |    63 ||   199
